 Dungeon Crawl Stone Soup version 0.29-a0-721-g7f417c9bbb (webtiles) character file.

Game seed: 8164944483426904644

477 zeratav the Skirmisher (level 6, -3/29 HPs)
             Began as a Spriggan Arcane Marksman on June 27, 2022.
             Was an Initiate of Dithmenos.
             Killed by divine providence
             ... invoked by an orc priest
              (11 damage)
             ... on level 6 of the Dungeon.
             The game lasted 00:06:55 (5213 turns).

zeratav the Skirmisher (Spriggan Arcane Marksman)   Turns: 5213, Time: 00:06:56

Health: -3/29      AC:  3    Str:  6    XL:     6   Next: 85%
Magic:  9/9        EV: 21    Int: 14    God:    Dithmenos [......]
Gold:   89         SH:  0    Dex: 18    Spells: 6/7 levels left

rFire   . . .      SeeInvis +   a - +0 sling
rCold   . . .      Faith    .   (no shield)
rNeg    . . .      Spirit   .   u - +1 animal skin
rPois   .          Reflect  .   (helmet restricted)
rElec   .          Harm     .   (no cloak)
rCorr   .          Rampage  .   (gloves unavailable)
Will    +....                   (boots unavailable)
Stlth   ++........              (no amulet)
HPRegen 0.09/turn               v - +4 ring of evasion
MPRegen 0.11/turn               (no ring)

@: very quick
A: very small, no large weapons, unfitting armour, see invisible, speed 3
a: Renounce Religion


You were on level 6 of the Dungeon.
You worshipped Dithmenos.
Dithmenos was noncommittal.
You visited 2 branches of the dungeon, and saw 7 of its levels.

You collected 89 gold pieces.


Innate Abilities, Weirdness & Mutations

You are very small and have problems with some larger weapons.
You are too small for most types of armour.
You have supernaturally acute eyesight. (SInv)
You cover ground extremely quickly. (Speed+++)


   Skills:
 - Level 0.7 Fighting
 + Level 9.0 Ranged Weapons
 - Level 2.6 Dodging
 - Level 1.3 Spellcasting
 - Level 3.6 Hexes


You had 6 spell levels left.
You knew the following spells:

 Your Spells              Type           Power      Damage    Failure   Level
a - Slow                  Hex            44%        N/A       6%          1

Your spell library contained the following spells:

 Spells                   Type           Power      Damage    Failure   Level
 Apportation              Tloc           0%         N/A       26%         1
 Necrotize                Necr           0%         1d4       26%         1
 Summon Small Mammal      Summ           0%         N/A       26%         1
 Inner Flame              Hex/Fire       6%         N/A       36%         3
 Portal Projectile        Hex/Tloc       12%        N/A       36%         3
 Cause Fear               Hex            5%         N/A       50%         4

Inventory:

Hand Weapons
 a - a +0 sling (weapon)
 h - a +2 dagger of venom {short}
   (You took it off a goblin on level 2 of the Dungeon)
Armour
 u - a +1 animal skin (worn)
   (You took it off Robin on level 4 of the Dungeon)
Jewellery
 v - a +4 ring of evasion (left hand)
   (You found it on level 4 of the Dungeon)
Scrolls
 b - 3 scrolls of vulnerability {!r!r}
 d - 3 scrolls of identify {unknown}
 e - a scroll of fog {unknown}
 f - a scroll of noise {unknown}
 i - a scroll of blinking {unknown}
 k - a scroll of immolation {unknown}
 p - a scroll of magic mapping {unknown}
 s - a scroll of summoning {unknown}
 t - a scroll of enchant armour {unknown}
Potions
 c - a potion of haste {unknown}
 g - a potion of attraction {unknown}
 j - 2 potions of cancellation {unknown}
 l - a potion of ambrosia {unknown}
 m - a potion of curing {unknown}
 n - 2 potions of might {unknown}
 o - a potion of lignification {unknown}
 q - 2 potions of magic {unknown}
 r - a potion of heal wounds {unknown}

Dungeon Overview and Level Annotations

Branches:
Dungeon (6/15) Zot: 26813  Temple (1/1) D:4 Zot: 5839

Altars:
Ashenzari
Cheibriados
Dithmenos
Elyvilon
Fedhas
Gozag
Kikubaaqudgha
Nemelex Xobeh
Qazlal
Ru
Sif Muna
Trog
Uskayaw
Vehumet
Yredelemnul
The Shining One

Shops:
D:4 :

Annotations:
D:5 Sigmund

..........(.....
......o#........ ..
..######.######. ..
..#...........# .##
..#.####.####.# ..#
..#.#.......#.# ..
..#.#.##.##.#.# .#
..#.#.#...#.#.###.#
........_o.)...Y@.#
..#.#.#.(.#.#.#.........
..#.#.##.##.#.#.........
..#.#.......#.#....###..
.##.####.####.#...## #
..#.. ... ..#...# ..###
#.# ###.### .#..# ..#
### .#...#


You could see a sky beast (invisible) and an orc priest.


Message History

The sky beast flickers out of sight for a moment.
Fire: a) +0 sling
Press: ? - help, Q - select action, (/) - cycle Shift-Dir - straight line, f/p - sky beast
Aim: a sky beast (moderately wounded, slightly transparent, 53% to hit)
You shoot a sling bullet. The sling bullet hits the sky beast.
Fire: a) +0 sling
Press: ? - help, Q - select action, (/) - cycle Shift-Dir - straight line, f/p - sky beast
Aim: a sky beast (heavily wounded, slightly transparent, 53% to hit)
You shoot a sling bullet. The sling bullet hits the sky beast.
Fire: a) +0 sling
Press: ? - help, Q - select action, (/) - cycle Shift-Dir - straight line, f/p - sky beast
Aim: a sky beast (heavily wounded, slightly transparent, 53% to hit)
You shoot a sling bullet. The sling bullet misses the sky beast.
Fire: a) +0 sling
Press: ? - help, Q - select action, (/) - cycle Shift-Dir - straight line, f/p - sky beast
Aim: a sky beast (heavily wounded, 53% to hit)
You shoot a sling bullet.
The sling bullet barely misses the sky beast.
The sky beast flickers out of sight for a moment.
HP[+1] Fire: a) +0 sling
Press: ? - help, Q - select action, (/) - cycle Shift-Dir - straight line, f - you That would be overly suicidal.
Okay, then.
Fire: a) +0 sling
Press: ? - help, Q - select action, (/) - cycle Shift-Dir - straight line, f - sky beast
Aim: a sky beast (heavily wounded, slightly transparent, 53% to hit)
You shoot a sling bullet. The sling bullet hits the sky beast.
Fire: a) +0 sling
Press: ? - help, Q - select action, (/) - cycle Shift-Dir - straight line, f/p - sky beast
Aim: a sky beast (heavily wounded, slightly transparent, 53% to hit)
You shoot a sling bullet. The sling bullet hits the sky beast.
Fire: a) +0 sling
Press: ? - help, Q - select action, (/) - cycle Shift-Dir - straight line, f/p - sky beast
Aim: a sky beast (severely wounded, slightly transparent, 53% to hit)
You shoot a sling bullet.
The sling bullet barely misses the sky beast.
Fire: a) +0 sling
Press: ? - help, Q - select action, (/) - cycle Shift-Dir - straight line, f/p - sky beast
Aim: a sky beast (severely wounded, slightly transparent, 53% to hit)
You shoot a sling bullet.
The sling bullet barely misses the sky beast.
There is a sacrificial altar of Ru here.
The sky beast flickers out of sight for a moment.
HP[+1]
You see here a +0 short sword {short}.
Fire: a) +0 sling
Press: ? - help, Q - select action, (/) - cycle Shift-Dir - straight line, f/p - sky beast
Aim: a sky beast (severely wounded, slightly transparent, 53% to hit)
You shoot a sling bullet.
The sling bullet hits the sky beast but does no damage.
Fire: a) +0 sling
Press: ? - help, Q - select action, (/) - cycle Shift-Dir - straight line, f/p - sky beast
Aim: a sky beast (severely wounded, 53% to hit)
You shoot a sling bullet. The sling bullet hits the sky beast.
Fire: a) +0 sling
Press: ? - help, Q - select action, (/) - cycle Shift-Dir - straight line, f/p - sky beast
Aim: a sky beast (almost dead, 53% to hit)
You shoot a sling bullet. The sling bullet misses the sky beast.
The sky beast flickers out of sight for a moment.
Fire: a) +0 sling
Press: ? - help, Q - select action, (/) - cycle Shift-Dir - straight line, f/p - sky beast
Aim: a sky beast (almost dead, slightly transparent, 53% to hit)
You shoot a sling bullet.
The sling bullet barely misses the sky beast.
The sling bullet closely misses the orc priest.
The sky beast misses you.
Things that are here:
a +0 flail {mace}; a +0 scale mail Fire: a) +0 sling
Press: ? - help, Q - select action, (/) - cycle Shift-Dir - straight line, f/p - sky beast
Aim: a sky beast (almost dead, slightly transparent, 53% to hit)
You shoot a sling bullet.
The sling bullet hits the sky beast but does no damage.
Fire: a) +0 sling
Press: ? - help, Q - select action, (/) - cycle Shift-Dir - straight line, f/p - sky beast
Aim: a sky beast (almost dead, slightly transparent, 53% to hit)
You shoot a sling bullet.
The sling bullet hits the sky beast but does no damage.
The sky beast misses you.
Fire: a) +0 sling
Press: ? - help, Q - select action, (/) - cycle Shift-Dir - straight line, f/p - sky beast
Aim: a sky beast (almost dead, slightly transparent, 53% to hit)
You shoot a sling bullet.
The sling bullet hits the sky beast but does no damage.
The orc priest invokes the aid of Beogh against you.
Beogh smites you!
* * * LOW HITPOINT WARNING * * *
The sky beast misses you.
HP[-12]
You take 12 damage, and now have 7/29 hp.
MASSIVE DAMAGE!! (PAUSE) Fire: a) +0 sling
Press: ? - help, Q - select action, (/) - cycle Shift-Dir - straight line, f/p - sky beast
Aim: a sky beast (almost dead, slightly transparent, 53% to hit)
You shoot a sling bullet.
The sling bullet hits the sky beast but does no damage.
The orc priest invokes the aid of Beogh against you.
Beogh smites you!
You die...

Skill      XL: |  1  2  3  4  5  6 |
---------------+-------------------+-----
Ranged Weapons | 3 4 5 6 7 9 |  9.0
Fighting       | |  0.7
Dodging        | |  2.6
Spellcasting   | |  1.3
Hexes          | |  3.6

Action                   |  1- 3 |  4- 6 || total
-------------------------+-------+-------++-------
Melee: Dagger            |       |     2 ||     2
       Unarmed           |       |     4 ||     4
 Fire: Sling             |   151 |   275 ||   426
 Cast: Slow              |     1 |     4 ||     5
Armor: Robe              |     8 |     1 ||     9
       Animal skin       |       |     2 ||     2
       Skin              |       |     1 ||     1
Dodge: Dodged            |    71 |    48 ||   119

Levels and vault maps discovered:
D:1:      amcnicky_arrival_feature_with_door, layout_loops_corners
D:2:      kb_forest_paths, layout_loops_ring,
          hellmonk_ecumenical_altar_arch_garden, uniq_robin, uniq_natasha
D:3:      layout_rooms, mainiacjoe_overflow_small_starburst,
          chequers_temple_overflow_statue_of_worship,
          minmay_misc_feat_nine_boxes, corexii_corridor_pit
D:4:      layout_cave_pods, minmay_temple_entry_butterflies, serial_shops,
          kennysheep_mini_moat, minmay_crossroads
D:5:      layout_basic, amcnicky_altar_gilded, general_overflow_altar,
          uniq_sigmund
D:6:      layout_cave_pools, nicolae_ru_sacrificial_ziggurat,
          mainiacjoe_overflow_tiny_flanked, cheibrodos_sewer_entry_bend,
          grunt_tough_drop
Temple:   chequers_temple_sunken

Notes
Turn   | Place    | Note
-------+----------+-------------------------------------------
     0 | D:1      | zeratav the Spriggan Arcane Marksman began the quest for
                  | the Orb.
     0 | D:1      | Reached XP level 1. HP: 9/9 MP: 3/3
     0 | D:1      | magus.rc [v1.9.6]
    95 | D:1      | Reached skill level 3 in Ranged Weapons
   233 | D:1      | Reached XP level 2. HP: 14/14 MP: 5/5
   295 | D:1      | Reached skill level 4 in Ranged Weapons
   670 | D:1      | Reached XP level 3. HP: 17/17 MP: 6/6
   940 | D:1      | You pick up a book of Cantrips and begin reading...
   940 | D:1      | You add the spells Necrotize, Summon Small Mammal and
                  | Apportation to your library.
  1351 | D:2      | HP: 4/17 [poisoned by an adder]
  1352 | D:2      | Reached skill level 5 in Ranged Weapons
  1914 | D:2      | Noticed Robin
  1926 | D:2      | Reached XP level 4. HP: 21/21 MP: 7/7
  2266 | D:2      | Noticed Natasha
  2274 | D:2      | Killed Natasha
  2302 | D:2      | Noticed Natasha
  2305 | D:2      | Killed Natasha
  2306 | D:2      | Reached skill level 6 in Ranged Weapons
  2318 | D:2      | Found a faded altar of an unknown god.
  2404 | D:2      | Reached XP level 5. HP: 17/25 MP: 8/8
  2594 | D:2      | magus.rc [v1.9.6]
  2685 | D:2      | Noticed Natasha
  2698 | D:2      | Killed Natasha
  2962 | D:3      | Found a sparkling altar of Nemelex Xobeh.
  3030 | D:3      | Reached skill level 7 in Ranged Weapons
  3377 | D:3      | Found a basalt altar of Yredelemnul.
  3385 | D:3      | Found a hide-covered altar of Uskayaw.
  3786 | D:4      | Reached XP level 6. HP: 29/29 MP: 9/9
  3876 | D:4      | Killed Robin
  4059 | D:4      | Found a staircase to the Ecumenical Temple.
  4068 | Temple   | Entered the Ecumenical Temple
  4223 | Temple   | Became a worshipper of Dithmenos the Shadowed
  4262 | D:4      | Reached skill level 8 in Ranged Weapons
  4748 | D:4      | Found Diges's Book Boutique.
  4946 | D:5      | Entered Level 5 of the Dungeon
  4946 | D:5      | Noticed Sigmund
  4976 | D:6      | Found an ancient bone altar of Kikubaaqudgha.
  5044 | D:6      | Found a sacrificial altar of Ru.
  5095 | D:6      | Reached skill level 9 in Ranged Weapons
  5135 | D:6      | Noticed a sky beast
  5212 | D:6      | HP: 7/29 [orc priest/divine providence (12)]
  5213 | D:6      | Killed from afar by an orc priest

Vanquished Creatures
  A scorpion (D:4)
  A jelly (D:4)
  2 hounds
  Natasha (thrice) (D:2)
  2 iguanas (D:6)
  Robin (D:4)
  4 gnolls
  4 adders
  3 worms
  7 orcs
  6 bats
  8 endoplasms
  3 giant cockroaches
  14 goblins
  12 hobgoblins
  2 jackals (D:1)
  8 quokkas
  6 ball pythons
  8 frilled lizards
  4 kobolds
  5 rats
104 creatures vanquished.

Table legend:
 A = Non-vault XP
 B = Vault XP
 C = Vault XP percentage of total XP
 D = Non-vault monster count
 E = Vault monster count
 F = Vault count percentage of total count
                 A         B        C        D         E       F
            +---------+---------+-------+---------+---------+-------
      Total |     488 |     194 |  28.4 |      81 |      23 |  22.1
            +---------+---------+-------+---------+---------+-------
        D:1 |      63 |       0 |   0.0 |      32 |       0 |   0.0
        D:2 |     110 |      79 |  41.8 |      16 |      18 |  52.9
        D:3 |      61 |       0 |   0.0 |      14 |       0 |   0.0
        D:4 |     130 |     115 |  46.9 |      12 |       5 |  29.4
        D:6 |     124 |       0 |   0.0 |       7 |       0 |   0.0
            +---------+---------+-------+---------+---------+-------

Illustrated notes

Table legend:
 A = Kills in this place as a percentage of kills in entire the game.
 B = Kills by you in this place as a percentage of kills by you in the entire game.
 C = Kills by friends in this place as a percentage of kills by friends in the entire game.
 D = Other kills in this place as a percentage of other kills in the entire game.
 E = Experience gained in this place as a percentage of experience gained in the entire game.
 F = Experience gained in this place divided by the number of levels of this place that you have seen.
                   A       B       C       D       E      F
               +-------+-------+-------+-------+-------+----------------------
         Total | 100.0 | 100.0 |   N/A |   N/A | 100.0 |  97.4
       Dungeon | 100.0 | 100.0 |   N/A |   N/A | 100.0 | 113.7
               +-------+-------+-------+-------+-------+----------------------

Table legend: (Time is in decaauts)
 A = Elapsed time spent in this place.
 B = Non-inter-level travel time spent in this place.
 C = Inter-level travel time spent in this place.
 D = Time resting spent in this place.
 E = Time spent auto-exploring this place.
 F = Levels seen in this place.
 G = Mean time per level.
                   A        B        C        D        E       F      G
               +--------+--------+--------+--------+--------+-----+--------+
         Total |   4080 |   3960 |    120 |    868 |   2343 |   7 |  582.9 |
       Dungeon |   3919 |   3821 |     98 |    868 |   2210 |   6 |  653.2 |
        Temple |    160 |    138 |     22 |      0 |    133 |   1 |  160.0 |
               +--------+--------+--------+--------+--------+-----+--------+

Top non-repeatable levels by time:
     D:2: 1578 daAuts
     D:4: 833 daAuts
     D:1: 781 daAuts
     D:3: 530 daAuts
     D:6: 185 daAuts
  Temple: 160 daAuts
     D:5: 9 daAuts
